 Dungeon Crawl Stone Soup version 0.29.0-4-gdea44cf6ec (webtiles) character file.

Game seed: 13870464390631803383

39 ytrimaz the Insei (level 3, -1/23 HPs)
             Began as an Octopode Transmuter on Aug 27, 2022.
             Slain by a kobold
             ... wielding a +0 short sword
              (3 damage)
             ... on level 2 of the Dungeon.
             The game lasted 00:01:08 (1474 turns).

ytrimaz the Insei (Octopode Transmuter)             Turns: 1474, Time: 00:01:09

Health: -1/23      AC:  1    Str:  9    XL:     3   Next: 45%
Magic:  6/6        EV: 13    Int: 17    God:
Gold:   104        SH:  0    Dex: 12    Spells: 0/6 levels left

rFire   . . .      SeeInvis .     - Unarmed
rCold   . . .      Faith    .   (no shield)
rNeg    . . .      Spirit   .   (helmet restricted)
rPois   .          Reflect  .   (no amulet)
rElec   .          Harm     .   (no ring)
rCorr   .          Rampage  .   (no ring)
Will    .....                   (no ring)
Stlth   ++........              (no ring)
HPRegen 0.07/turn               (no ring)
MPRegen 0.10/turn               (no ring)
                                (no ring)
                                (no ring)

@: no status effects
A: almost no armour, amphibious, 8 rings, camouflage 1, gelatinous body 1,
(nimble swimmer 1), tentacles
a: no special abilities


You were on level 2 of the Dungeon.
You visited 1 branch of the dungeon, and saw 2 of its levels.

You collected 104 gold pieces.

Inventory:

Scrolls
 b - a scroll of amnesia
 g - a scroll of fear
 h - a scroll of brand weapon {unknown}
Potions
 a - a potion of lignification
 e - 2 potions of flight {unknown}
 f - 2 potions of might {unknown}


   Skills:
 - Level 1.0 Fighting
 - Level 2.0 Dodging
 - Level 4.1 Unarmed Combat
 + Level 2.1 Spellcasting
 + Level 2.1 Transmutations
 * Level 0.6 Poison Magic


You couldn't memorise any spells.
You knew the following spells:

 Your Spells              Type           Power      Damage    Failure   Level
a - Beastly Appendage     Tmut           18%        N/A       8%          1
b - Wereblood             Tmut           9%         N/A       12%         2
c - Spider Form           Tmut/Pois      6%         N/A       32%         3

Your spell library contained the following spells:

 Spells                   Type           Power      Damage    Failure   Level
 Ice Form                 Ice/Tmut       5%         N/A       77%         4


Dungeon Overview and Level Annotations

Branches:
Dungeon (2/15)

Altars:


Innate Abilities, Weirdness & Mutations

You cannot wear most types of armour.
You are amphibious.
You can wear up to eight rings at the same time.
Your skin changes colour to match your surroundings (Stealth+).
Your rubbery body absorbs attacks. (AC +1, EV +1)
((You are camouflaged when in or above water. (Stealth+)))
You have tentacles for arms and can constrict up to eight enemies at once.


Message History

Your transformation is almost over.
Found a club.
The adder hisses angrily.
The adder bites you.
You are poisoned.
The adder poisons you! The adder bites you.
You are more poisoned.
The adder poisons you!
You barely miss the adder. You grab the adder. You squeeze the adder!
The adder is almost dead.
You constrict the adder.
You feel sick. The adder bites you.
You tentacle-slap the adder.
You kill the adder!
You feel sick.
You feel sick.
You see here an adder corpse.
You feel sick.
Your tentacle spike disappears.
You feel sick.
You feel sick.
You feel sick.
You feel sick.
You are no longer poisoned.
A kobold comes into view. It is wielding a +0 short sword.
A kobold is nearby!
A kobold is nearby!
A kobold is nearby!
A kobold is nearby!
A kobold is nearby!
The kobold throws a stone.
The stone barely misses you.
You are too injured to fight recklessly!
The kobold misses you.
You tentacle-slap the kobold. Your grab misses the kobold.
The kobold is moderately wounded.
The kobold hits you with a +0 short sword.
* * * LOW HITPOINT WARNING * * *
You closely miss the kobold. Your grab misses the kobold.
The kobold is moderately wounded.
The kobold hits you with a +0 short sword.
You die...

..# ##.##
#######.#### #....
##...#...... .###....
##.........##
........
#>..........#
##..##..
#..........[###..#
##.
#..†........##..###
#.
##................#
#.
##..@....####.##.###.
####K#######.##....#
#.# #...#####.. #.#
#.<.# ### ).# #...# #
..# #...# # .# ##.##
# .# #.# # #.. #


You could see a kobold.

Vanquished Creatures
  An adder (D:2)
  A worm (D:2)
  A dart slug (D:1)
  4 ball pythons (D:2)
  A bat (D:1)
  2 endoplasms (D:1)
  2 giant cockroaches (D:1)
  2 goblins
  3 hobgoblins (D:1)
  3 frilled lizards
  2 kobolds (D:1)
  3 rats (D:1)
25 creatures vanquished.

Notes
Turn   | Place    | Note
-------+----------+-------------------------------------------
     0 | D:1      | ytrimaz the Octopode Transmuter began the quest for the
                  | Orb.
     0 | D:1      | Reached XP level 1. HP: 13/13 MP: 3/3
   344 | D:1      | Reached XP level 2. HP: 18/18 MP: 3/5
  1025 | D:1      | Reached skill level 4 in Unarmed Combat
  1267 | D:2      | Reached XP level 3. HP: 23/23 MP: 4/6
  1273 | D:2      | Learned a level 2 spell: Wereblood
  1277 | D:2      | Learned a level 3 spell: Spider Form
  1474 | D:2      | Slain by a kobold

Illustrated notes

Levels and vault maps discovered:
D:1:      dpeg_arrival_prison, layout_basic, hangedman_decor_clover_reticule,
          chequers_avenue
D:2:      layout_rooms

Skill      XL: |  1  2 |
---------------+-------+-----
Unarmed Combat | 4 |  4.1
Fighting       | |  1.0
Dodging        | |  2.0
Spellcasting   | |  2.1
Transmutations | |  2.1
Poison Magic   | |  0.6

Action                   || total
-------------------------++-------
Melee: Unarmed           ||    44
       Constrict         ||    17
       Kick              ||    10
       Tentacles         ||     4
       Punch             ||     2
 Cast: Beastly Appendage ||    16
  Use: Scroll            ||     3
 Stab: Sleeping          ||     3
Armor: Skin              ||     7
Dodge: Dodged            ||    33
